 Dungeon Crawl Stone Soup version 0.23.0 (webtiles) character file.

Game seed: 10026390892539988086

65 tidbits the Charmwright (level 4, 33/38 HPs)
             Began as a Gnoll Skald on Feb 11, 2019.
             Quit the game on level 3 of the Dungeon.
             The game lasted 00:04:00 (498 turns).

tidbits the Charmwright (Gnoll Skald)                Turns: 498, Time: 00:04:01

Health: 33/38      AC:  4    Str: 13    XL:     4   Next: 13%
Magic:  7/11       EV: 14    Int: 16    God:
Gold:   14         SH:  0    Dex: 15    Spells: 2/13 levels left

rFire    . . .     SeeInvis .   a - +0 spear
rCold    . . .     Gourm    .   (no shield)
rNeg     . . .     Faith    +   B - +1 leather armour
rPois    .         Spirit   .   (no helmet)
rElec    .         Reflect  .   (no cloak)
rCorr    .         Harm     .   (no gloves)
MR       .....                  (no boots)
Stlth    ++........             b - amulet of faith
HPRegen  1.12/turn              (no ring)
MPRegen  0.12/turn              (no ring)

@: regenerating (expiring)
A: distributed training, fangs 1, strong nose
a: no special abilities


You were on level 3 of the Dungeon.
You were full.

You visited 1 branch of the dungeon, and saw 4 of its levels.

You collected 14 gold pieces.

Inventory:

Hand Weapons
 a - a +0 spear (weapon)
Missiles
 o - 2 tomahawks (quivered)
 p - 13 sling bullets
Armour
 B - a +1 leather armour (worn)
Jewellery
 b - an amulet of faith (around neck)
   (You found it on level 3 of the Dungeon)
 e - an uncursed amulet of rage
   (You found it on level 1 of the Dungeon)
Wands
 j - a wand of disintegration (7)
Scrolls
 f - a scroll of teleportation {unknown}
 g - a scroll of random uselessness
 i - a scroll of amnesia {unknown}
 k - a scroll of remove curse {unknown}
 l - a scroll of identify {unknown}
 m - a scroll of blinking {unknown}
Potions
 h - 3 potions of heal wounds {unknown}
 n - a potion of mutation {unknown}
Comestibles
 d - a ration


   Skills:
 + Level 4.6 Fighting
 + Level 1.0 Short Blades
 + Level 1.0 Long Blades
 + Level 1.0 Axes
 + Level 1.0 Maces & Flails
 + Level 4.6 Polearms
 + Level 1.0 Staves
 + Level 1.0 Slings
 + Level 1.0 Bows
 + Level 1.0 Crossbows
 + Level 1.0 Throwing
 + Level 2.7 Armour
 + Level 4.6 Dodging
 + Level 1.0 Stealth
 + Level 1.0 Shields
 + Level 1.0 Unarmed Combat
 + Level 5.0 Spellcasting
 + Level 0.7 Conjurations
 + Level 0.7 Hexes
 + Level 5.4 Charms
 + Level 0.7 Summonings
 + Level 0.7 Necromancy
 + Level 0.7 Translocations
 + Level 0.7 Transmutations
 + Level 0.7 Fire Magic
 + Level 0.7 Ice Magic
 + Level 0.7 Air Magic
 + Level 0.7 Earth Magic
 + Level 0.7 Poison Magic
 + Level 1.1 Invocations
 + Level 1.0 Evocations


You had 2 spell levels left.
You knew the following spells:

 Your Spells              Type           Power        Failure   Level  Hunger
g - Shroud of Golubria    Chrm/Tloc      ##........   9%          2    #......
i - Infusion              Chrm           ###.         1%          1    None
r - Regeneration          Chrm/Necr      ##........   16%         3    ###....
w - Spectral Weapon       Hex/Chrm       ##......     16%         3    ###....
y - Song of Slaying       Chrm           ###.....     3%          2    #......

Your spell library contained the following spells:

 Spells                   Type           Power        Failure   Level  Hunger


Dungeon Overview and Level Annotations

Branches:
Dungeon (4/15)
 Temple: D:4-7

Altars:
Hepliaklqana
Okawaru
Zin

Annotations:
D:4 Blork the orc


Innate Abilities, Weirdness & Mutations

Your experience applies equally to all skills.
You have very sharp teeth.
Your uncanny sense of smell can sniff out nearby items.


Message History

You see here 4 gold pieces.
You now have 14 gold pieces (gained 4).
You see here a worm corpse.
There is a stone staircase leading down, spattered with blood here.
You see here a goblin corpse.
You climb downwards.
You hear the sound of rushing water.
There is an entrance to a sewer on this level.
Hurry and find it before the portal rusts away!
You hear the brisk rusting of a distant drain.
Your skin stops crawling.
There is a stone staircase leading up here.
Unknown command.
Things that are here:
13 sling bullets; a cyan potion
p - 13 sling bullets;
h - 3 cyan potions (gained 1)
As you read the scroll labeled BUONUD SIACUY, it crumbles to dust.
It is a scroll of enchant armour.
Your +0 leather armour glows green for a moment.
Adjust (i)tems, (s)pells, or (a)bilities?
Adjust which item? (? for menu, Esc to quit)
b - a +1 leather armour (worn)
Adjust to which letter? (? for menu, Esc to quit)
B - a +1 leather armour (worn)
Unknown command.
Unknown command.
Unknown command.
Unknown command.
As you open the door, it creaks loudly!
Unknown command.
There is an open door here.
Unknown command.
You open the door.
Found a twisted platinum amulet.
There is an open door here.
Unknown command.
A worm comes into view.
Unknown command.
You see here a twisted platinum amulet.
Unknown command.
b - a twisted platinum amulet Put on which piece of jewellery? (? for menu, Esc to quit)
You remove your amulet of rage.
You feel a strange surge of divine interest.
b - an amulet of faith (around neck)
Casting: Regeneration (safe; 16% risk of failure)
Confirm with . or Enter, or press ? or * to list all spells.
You miscast Spectral Weapon.
You are very lightly contaminated with residual magic.
The light around you dims momentarily.
Casting: Spectral Weapon (safe; 16% risk of failure)
Confirm with . or Enter, or press ? or * to list all spells.
You draw out your weapon's spirit!
You hear the brisk rusting of a distant drain.
The worm bites you but does no damage.
You barely miss the worm.
Your spectral weapon hits the worm from afar.
You hit the worm.
The worm is moderately wounded.
Your spectral weapon hits the worm from afar.
You hit the worm but do no damage.
The worm is severely wounded.
Your spectral weapon hits the worm but does no damage.
You hit the worm but do no damage. You bite the worm, but do no damage.
The worm is severely wounded.
Your spectral weapon hits the worm.
The worm bites you!
* * * LOW HITPOINT WARNING * * *
You hit the worm but do no damage. You bite the worm.
The worm is severely wounded.
Your spectral weapon hits the worm but does no damage.
You hit the worm.
The worm is almost dead.
Your spectral weapon hits the worm but does no damage.
The worm closely misses you.
You hit the worm but do no damage.
The worm is almost dead.
Your spectral weapon hits the worm.
You kill the worm!
You see here a worm corpse.
Unknown command.
Your magical contamination has completely faded away.
Unknown command.
You open the door.
Your spectral weapon fades away.
Unknown command.
There is an open door here.
Found a glowing silver altar of Zin and a faded altar of an unknown god.
Found an iron altar of Okawaru.
Unknown command.
Found a faded altar of an unknown god.
Found a hazy altar of Hepliaklqana.
Unknown command.
There is an open door here.
You hear the brisk rusting of a very distant drain.
Unknown command.
Casting: Spectral Weapon (safe; 16% risk of failure)
Confirm with . or Enter, or press ? or * to list all spells.
Your skin crawls.
Unknown command.
Your skin is crawling a little less now.
Are you sure you want to abandon this character and quit the game? (Confirm with "yes".)

######### ##
#........ .#
## #@# #.# ..#
#. #.# #.##..#
#. #.#
##.#...## #.
#.#
#..<....#####.
#.#
#.............
#.#
#.......###...
#.###.##$..##
##..
#.......$.##
##.
#####.##### #.


There were no monsters in sight!

Vanquished Creatures
  A worker ant (D:2)
  2 adders
  2 worms
  A leopard gecko (D:3)
  3 bats
  4 goblins (D:2)
  A hobgoblin (D:2)
  A frilled lizard (D:2)
  3 kobolds (D:2)
  A rat (D:3)
19 creatures vanquished.

Notes
Turn   | Place    | Note
-------+----------+-------------------------------------------
     0 | D:1      | tidbits the Gnoll Skald began the quest for the Orb.
     0 | D:1      | Reached XP level 1. HP: 20/20 MP: 6/6
    95 | D:2      | Reached XP level 2. HP: 20/26 MP: 3/7
    99 | D:2      | Learned a level 2 spell: Song of Slaying
   102 | D:2      | Learned a level 2 spell: Shroud of Golubria
   163 | D:4      | Noticed Blork the orc
   244 | D:3      | Reached skill level 5 in Spellcasting
   244 | D:3      | Reached XP level 3. HP: 30/31 MP: 4/9
   249 | D:3      | Learned a level 3 spell: Regeneration
   253 | D:3      | Learned a level 3 spell: Spectral Weapon
   359 | D:2      | Reached skill level 1 in Short Blades
   359 | D:2      | Reached skill level 1 in Long Blades
   359 | D:2      | Reached skill level 1 in Axes
   359 | D:2      | Reached skill level 1 in Maces & Flails
   359 | D:2      | Reached skill level 1 in Staves
   359 | D:2      | Reached skill level 1 in Slings
   359 | D:2      | Reached skill level 1 in Bows
   359 | D:2      | Reached skill level 1 in Crossbows
   359 | D:2      | Reached skill level 1 in Throwing
   359 | D:2      | Reached skill level 1 in Stealth
   359 | D:2      | Reached skill level 1 in Shields
   359 | D:2      | Reached skill level 1 in Unarmed Combat
   359 | D:2      | Reached skill level 1 in Invocations
   359 | D:2      | Reached skill level 1 in Evocations
   359 | D:2      | Reached XP level 4. HP: 10/38 MP: 2/11
   460 | D:3      | Found a glowing silver altar of Zin.
   460 | D:3      | Found a faded altar of an unknown god.
   465 | D:3      | Found an iron altar of Okawaru.
   467 | D:3      | Found a faded altar of an unknown god.
   468 | D:3      | Found a hazy altar of Hepliaklqana.
   498 | D:3      | Quit the game

Skill      XL: |  1  2  3 |
---------------+----------+-----
Spellcasting   | 5 |  5.0
Short Blades   | 1 |  1.0
Long Blades    | 1 |  1.0
Axes           | 1 |  1.0
Maces & Flails | 1 |  1.0
Staves         | 1 |  1.0
Slings         | 1 |  1.0
Bows           | 1 |  1.0
Crossbows      | 1 |  1.0
Throwing       | 1 |  1.0
Stealth        | 1 |  1.0
Shields        | 1 |  1.0
Unarmed Combat | 1 |  1.0
Invocations    | 1 |  1.1
Evocations     | 1 |  1.0
Fighting       | |  4.6
Polearms       | |  4.6
Armour         | |  2.7
Dodging        | |  4.6
Conjurations   | |  0.7
Hexes          | |  0.7
Charms         | |  5.4
Summonings     | |  0.7
Necromancy     | |  0.7
Translocations | |  0.7
Transmutations | |  0.7
Fire Magic     | |  0.7
Ice Magic      | |  0.7
Air Magic      | |  0.7
Earth Magic    | |  0.7
Poison Magic   | |  0.7

Action                   |  1- 3 |  4- 6 || total
-------------------------+-------+-------++-------
Melee: Spear             |    36 |    10 ||    46
       Bite              |     3 |     3 ||     6
 Cast: Infusion          |     4 |       ||     4
       Spectral Weapon   |     2 |     1 ||     3
       Song of Slaying   |     1 |       ||     1
       Regeneration      |       |     2 ||     2
  Use: Scroll            |     1 |     1 ||     2
 Stab: Sleeping          |     1 |       ||     1
       Distracted        |     1 |       ||     1
  Eat: Ration            |     1 |       ||     1
Armor: Leather armour    |     4 |     2 ||     6
Dodge: Dodged            |    25 |     3 ||    28

Table legend:
 A = Turns spent in this place as a percentage of turns spent in the entire game.
 B = Non-inter-level travel turns spent in this place as a percentage of non-inter-level travel turns spent in the entire game.
 C = Inter-level travel turns spent in this place as a percentage of turns spent in this place.
 D = Turns resting spent in this place as a percentage of non-inter-level travel turns spent in this place.
 E = Turns spent auto-exploring this place as a percentage of non-inter-level travel turns spent in this place.
 F = Non-inter-level travel turns spent in this place divided by the number of levels of this place that you've seen.
                   A       B       C       D       E      F
               +-------+-------+-------+-------+-------+----------------------
         Total | 100.0 | 100.0 |   6.8 |   0.0 |   0.0 | 116.0
       Dungeon | 100.0 | 100.0 |   6.8 |   0.0 |   0.0 | 116.0
               +-------+-------+-------+-------+-------+----------------------

Table legend:
 A = Kills in this place as a percentage of kills in entire the game.
 B = Kills by you in this place as a percentage of kills by you in the entire game.
 C = Kills by friends in this place as a percentage of kills by friends in the entire game.
 D = Other kills in this place as a percentage of other kills in the entire game.
 E = Experience gained in this place as a percentage of experience gained in the entire game.
 F = Experience gained in this place divided by the number of levels of this place that you have seen.
                   A       B       C       D       E      F
               +-------+-------+-------+-------+-------+----------------------
         Total | 100.0 | 100.0 |   N/A |   N/A | 100.0 |  23.2
       Dungeon | 100.0 | 100.0 |   N/A |   N/A | 100.0 |  23.2
               +-------+-------+-------+-------+-------+----------------------

Levels and vault maps discovered:
D:1:      nicolae_arrival_washed_ashore, layout_rooms, minmay_cupped
D:2:      layout_loops_ring, lemuel_coloured_pillars_altar, st_stairs_2,
          minmay_pentomino_z4
D:3:      layout_loops_corners, chequers_temple_overflow_minitemple,
          portal_sewer_entry_b
D:4:      layout_rooms, st_stairs_4, uniq_blork_the_orc
